 Dungeon Crawl Stone Soup version 0.28-a0-872-g80cf8599ee (webtiles) character file.

Game seed: 17903179207821072392

417 killozap the Skirmisher (level 6, -2/40 HPs)
             Began as a Gargoyle Fighter on Nov 20, 2021.
             Slain by Menkaure (5 damage)
             ... on level 4 of the Dungeon.
             The game lasted 00:09:09 (3686 turns).

killozap the Skirmisher (Gargoyle Fighter)          Turns: 3686, Time: 00:09:10

Health: -2/40      AC: 14    Str: 22    XL:     6   Next: 93%
Magic:  6/6        EV:  9    Int:  8    God:
Gold:   94         SH:  4    Dex:  9    Spells: 5/5 levels left

rFire   . . .      SeeInvis .   a - +0 flail
rCold   . . .      Faith    .   c - +0 buckler
rNeg    + . .      Spirit   .   b - +0 scale mail
rPois   ∞          Reflect  .   i - +0 helmet
rElec   +          Harm     .   h - +0 cloak
rCorr   .          Rampage  .   (no gloves)
Will    .....                   (no boots)
Stlth   ..........              (no amulet)
HPRegen 0.13/turn               (no ring)
MPRegen 0.10/turn               (no ring)

@: no status effects
A: sickness immunity, AC +4, negative energy resistance 1, electricity
resistance, torment resistance 1, petrification resistance
a: no special abilities


You were on level 4 of the Dungeon.
You visited 1 branch of the dungeon, and saw 4 of its levels.

You collected 94 gold pieces.

Inventory:

Hand Weapons
 a - a +0 flail (weapon)
Missiles
 g - 5 boomerangs (quivered)
Armour
 b - a +0 scale mail (worn)
 c - a +0 buckler (worn)
 h - a +0 cloak (worn)
 i - a +0 helmet (worn)
Scrolls
 f - 4 scrolls of identify {unknown}
 k - a scroll of enchant weapon {unknown}
 m - a scroll of noise {unknown}
 n - a scroll of silence {unknown}
Potions
 d - 2 potions of might
 e - a potion of degeneration {unknown}
 j - a potion of flight {unknown}
 l - a potion of curing {unknown}


   Skills:
 + Level 5.5 Fighting
 + Level 4.4 Maces & Flails
 + Level 4.8 Armour
 - Level 4.0 Shields


You had 5 spell levels left.
You didn't know any spells.
Your spell library contained the following spells:

 Spells                   Type           Power      Damage    Failure   Level
 Apportation              Tloc           0%         N/A       71%         1
 Dazzling Flash           Conj/Hex       0%         N/A       97%         3
 Agony                    Necr           0%         N/A       100%        5
 Alistair's Intoxication  Tmut/Pois      0%         N/A       100%        5
 Silence                  Hex/Air        0%         N/A       100%        5


Dungeon Overview and Level Annotations

Branches:
Dungeon (4/15)
 Temple: D:4-7

Altars:
Ashenzari
Kikubaaqudgha
Okawaru
Vehumet
Zin

Annotations:
D:4 Menkaure


Innate Abilities, Weirdness & Mutations

You are immune to sickness and miasma.
Your stone body is resilient. (AC +4)
You are immune to poison.
You resist negative energy. (rN+)
You are resistant to electric shocks. (rElec)
You are resistant to unholy torment.
You are immune to petrification.


Message History

Menkaure mumbles some strange words.
Menkaure seems to speed up.
Throw: 5 boomerangs
Press: ? - help, Q - select action Shift-Dir - straight line, f - Menkaure
Aim: Menkaure (fast, 72% to hit)
You throw a boomerang.
The boomerang hits Menkaure but does no damage.
Menkaure blazes with dark energy!
Throw: 5 boomerangs
Press: ? - help, Q - select action Shift-Dir - straight line, f/p - Menkaure
Aim: Menkaure (fast, 72% to hit)
You throw a boomerang.
The boomerang hits Menkaure but does no damage.
Throw: 5 boomerangs
Press: ? - help, Q - select action Shift-Dir - straight line, f/p - Menkaure
Aim: Menkaure (fast, 72% to hit)
You throw a boomerang. The boomerang hits Menkaure.
Menkaure is moderately damaged.
Throw: 5 boomerangs
Press: ? - help, Q - select action Shift-Dir - straight line, f/p - Menkaure
Aim: Menkaure (lightly damaged, fast, 72% to hit)
You throw a boomerang.
The boomerang hits Menkaure but does no damage.
Menkaure is lightly damaged.
Menkaure calls on the powers of darkness!
Your body is wracked with pain!
There is a stone staircase leading up here.
You barely miss Menkaure.
Menkaure is lightly damaged.
Menkaure barely misses you.
You barely miss Menkaure.
Menkaure is lightly damaged.
Menkaure barely misses you. You block Menkaure's attack.
You sock Menkaure!
Menkaure is severely damaged.
Menkaure hits you! Menkaure hits you!
* * * LOW HITPOINT WARNING * * *
Menkaure hits you.
You die...

###### .##.....###.....
#<...# ........#.......
#....# ###.....#.#.....
#....# #.............
#....# ###...#######...
#....# #.............##
##....###.#...#.###.#.#
#.........#...#.....#.#
##....#@###...#.._..#.#
#....#M#.....#.....#.#
#....#.#.###.#.###.#.#
######.#.###.........#
##.#.##..#######.#
#......M.........#
#.......#.......##
#.......#######.#
#......## ...


You could see Menkaure (fast).

Vanquished Creatures
  A water moccasin (D:3)
  An orc priest (D:2)
  A hound (D:4)
  Jessica (D:2)
  Natasha (thrice) (D:2)
  7 adders
  An ufetubus (D:4)
  A worm (D:4)
  3 dart slugs
  6 orcs
  3 ball pythons (D:3)
  6 bats
  3 endoplasms
  6 giant cockroaches
  3 goblins
  7 hobgoblins
  2 jackals (D:1)
  4 quokkas
  2 frilled lizards (D:1)
  4 kobolds
  4 rats
69 creatures vanquished.

Vanquished Creatures (others)
  2 withered plants (D:3)
2 creatures vanquished.

Grand Total: 71 creatures vanquished

Notes
Turn   | Place    | Note
-------+----------+-------------------------------------------
     0 | D:1      | killozap the Gargoyle Fighter began the quest for the Orb.
     0 | D:1      | Reached XP level 1. HP: 14/14 MP: 1/1
   141 | D:1      | Reached XP level 2. HP: 17/19 MP: 2/2
   707 | D:1      | Found a faded altar of an unknown god.
   972 | D:2      | Reached XP level 3. HP: 20/24 MP: 3/3
  1016 | D:2      | Noticed Jessica
  1021 | D:2      | Killed Jessica
  1022 | D:2      | Reached skill level 4 in Fighting
  1212 | D:2      | Reached XP level 4. HP: 23/29 MP: 4/4
  1292 | D:2      | Noticed Natasha
  1313 | D:2      | Killed Natasha
  1380 | D:2      | Found an iron altar of Okawaru.
  1601 | D:2      | Noticed Natasha
  1605 | D:2      | Reached XP level 5. HP: 34/34 MP: 5/5
  1607 | D:2      | Killed Natasha
  1648 | D:2      | Noticed Natasha
  1656 | D:2      | Killed Natasha
  1970 | D:3      | Reached skill level 5 in Fighting
  1970 | D:3      | Reached XP level 6. HP: 40/40 MP: 6/6
  2006 | D:3      | Noticed an ice beast
  2110 | D:3      | Noticed a water moccasin
  2133 | D:3      | Killed a water moccasin
  2244 | D:3      | Found an ancient bone altar of Kikubaaqudgha.
  2829 | D:3      | Found a broken altar of Ashenzari.
  2902 | D:3      | Found a radiant altar of Vehumet.
  3149 | D:4      | Found a glowing silver altar of Zin.
  3191 | D:4      | Noticed Menkaure
  3686 | D:4      | Slain by Menkaure

Illustrated notes

Levels and vault maps discovered:
D:1:      erik_arrival_triangle_small, layout_rooms,
          shapermc_ecumenical_altar_acropolis
D:2:      layout_loops_ring, basic_altar, uniq_jessica, uniq_natasha
D:3:      layout_basic, mainiacjoe_overflow_24_doors, kiku_gazebo_garden_becter,
          overflow_temple_1_default, st_stairs_1,
          hangedman_abyss_or_decor_stabs, kennysheep_generic_room_16
D:4:      layout_basic, mainiacjoe_overflow_cross_hatched,
          minmay_temple_entry_mist, hangedman_decor_peaks_small, uniq_menkaure

Skill      XL: |  1  2  3  4  5  6 |
---------------+-------------------+-----
Fighting       | 4 5 |  5.5
Shields        | 4 |  4.0
Maces & Flails | 3 4 |  4.4
Armour         | 4 |  4.8

Action                   |  1- 3 |  4- 6 || total
-------------------------+-------+-------++-------
Melee: Flail             |   110 |   189 ||   299
Throw: Boomerang         |     3 |    15 ||    18
Armor: Scale mail        |    68 |   106 ||   174
Dodge: Dodged            |    56 |    99 ||   155
Block: Buckler           |    24 |    55 ||    79

Table legend: (Time is in decaauts)
 A = Elapsed time spent in this place.
 B = Non-inter-level travel time spent in this place.
 C = Inter-level travel time spent in this place.
 D = Time resting spent in this place.
 E = Time spent auto-exploring this place.
 F = Levels seen in this place.
 G = Mean time per level.
                   A        B        C        D        E       F      G
               +--------+--------+--------+--------+--------+-----+--------+
         Total |   3773 |   3675 |     98 |   1025 |   1803 |   4 |  943.2 |
       Dungeon |   3773 |   3675 |     98 |   1025 |   1803 |   4 |  943.2 |
               +--------+--------+--------+--------+--------+-----+--------+

Top non-repeatable levels by time:
     D:3: 1499 daAuts
     D:2: 1043 daAuts
     D:1: 885 daAuts
     D:4: 345 daAuts
